 Dungeon Crawl Stone Soup version 0.32-a0-893-gf85d74f360 (webtiles) character file.

Game seed: 12279379181463081140

3234 discipleofbeogh the Cleaver (level 9, -1/71 HPs)
             Began as a Demonspawn Fighter on Mar 25, 2024.
             Was a Believer of Wu Jian.
             Killed from afar by an electric eel (5 damage)
             ... with a bolt of electricity
             ... on level 8 of the Dungeon on Apr 3, 2024.
             The game lasted 00:16:05 (6308 turns).

discipleofbeogh the Cleaver (Demonspawn Fighter)    Turns: 6308, Time: 00:16:05

Health: -1/71      AC: 21    Str: 22    XL:     9   Next: 66%
Magic:  0/9        EV:  8    Int: 10    God:    Wu Jian [**....]
Gold:   516        SH:  5    Dex: 15    Spells: 8/8 levels left

rFire   + . .        a - +0 war axe
rCold   . . .        c - +0 buckler
rNeg    . . .        e - +3 chain mail
rPois   .            l - +0 helmet of the Meadowlark {Str+2 Stlth+}
rElec   .            (no cloak)
rCorr   .            b - +0 pair of gloves
SInv    .            (no boots)
Will    +....        (no amulet) Stlth
                     n - ring "Qeiha" {rF+ Dex+3}
HPRegen 0.31/turn    o - +4 ring of protection
MPRegen 0.22/turn

%: guardian spirit
@: enlightened, flying
A: molten scales 1, foul stench 1, magic shield, magic regeneration, weakness
stinger 2
a: Renounce Religion, Wall Jump


You were on level 8 of the Dungeon.
You worshipped Wu Jian.
Wu Jian was pleased with you.
You visited 2 branches of the dungeon, and saw 9 of its levels.
You also visited: Ossuary.

You collected 516 gold pieces.

Inventory:

Hand Weapons
 a - a +0 war axe (weapon)
Armour
 b - a +0 pair of gloves (worn)
 c - a +0 buckler (worn)
 e - a +3 chain mail (worn)
 l - the +0 helmet of the Meadowlark (worn) {Str+2 Stlth+}
   (You took it off Robin on level 2 of the Dungeon)

   Str+2:     It affects your strength (+2).
   Stlth+:    It makes you more stealthy.
Jewellery
 n - the ring "Qeiha" (left hand) {rF+ Dex+3}
   (You found it on level 2 of the Dungeon)

   [ring of protection from fire]

   Dex+3:     It affects your dexterity (+3).
   rF+:       It protects you from fire.
 o - a +4 ring of protection (right hand)
 v - a +5 ring of evasion
 y - a +6 ring of intelligence
Wands
 w - a wand of paralysis (9)
 G - a wand of polymorph (9)
Scrolls
 g - 2 scrolls of immolation
 h - 2 scrolls of teleportation
 j - a scroll of poison {unknown}
 k - a scroll of noise {unknown}
 p - a scroll of fear {unknown}
 q - a scroll of fog
 r - a scroll of torment {unknown}
 x - 3 scrolls of vulnerability
 E - 2 scrolls of revelation
 F - a scroll of blinking {unknown}
Potions
 d - 2 potions of might
 f - a potion of mutation {unknown}
 i - a potion of haste
 s - a potion of cancellation {unknown}
 t - 3 potions of attraction
 u - 2 potions of magic
 z - a potion of heal wounds {unknown}
 A - a potion of berserk rage {unknown}
 B - a potion of enlightenment
 C - 2 potions of degeneration {unknown}
 H - a potion of invisibility {unknown}


   Skills:
 + Level 6.8 Fighting
 + Level 9.0 Axes
 + Level 5.6 Armour
 + Level 2.1 Dodging
 + Level 1.9 Stealth
 + Level 4.3 Shields
 + Level 0.4 Evocations


You had 8 spell levels left.
You didn't know any spells.
Your spell library contained the following spells:

 Spells                   Type           Power      Damage    Failure   Level
 Slow                     Hex            0%         N/A       95%         1
 Confusing Touch          Hex            0%         N/A       100%        3
 Frozen Ramparts          Ice            0%         1d1       100%        3
 Ozocubu's Armour         Ice            0%         N/A       100%        3
 Tukima's Dance           Hex            0%         N/A       100%        3
 Vampiric Draining        Necr           0%         2d6       100%        3
 Volatile Blastmotes      Fire/Tloc      0%         2d10      100%        3
 Dimensional Bullseye     Hex/Tloc       0%         N/A       100%        4
 Fulminant Prism          Conj/Alch      0%         3d5       100%        4
 Iskenderun's Mystic Bla Conj/Tloc 0%             2d3        (+2d1     100%        4
 Metabolic Englaciation   Hex/Ice        0%         N/A       100%        5


Dungeon Overview and Level Annotations

Branches:
Dungeon (8/15)             Temple (1/1) D:5         Ossuary (visited)
   Lair: D:8-11

Altars:
Ashenzari
Dithmenos
Fedhas
Gozag
Hepliaklqana
Kikubaaqudgha
Makhleb
Okawaru
Qazlal
Ru
Sif Muna
Trog
Uskayaw
Wu Jian
Xom
Yredelemnul


Innate Abilities, Weirdness & Mutations

You are partially covered in molten scales. (AC +2)
You may rarely emit foul miasma when damaged in melee.
When hurt, damage is shared between your health and your magic reserves.
You regenerate magic rapidly.
You have a tail ending in a sharp stinger.


Message History

You hit the howler monkey.
The howler monkey is lightly wounded.
You barely miss the howler monkey.
The howler monkey hits you but does no damage.
The howler monkey hoots and howls with incredible vigour!
The howler monkey hits you but does no damage.
You slash the howler monkey!
The howler monkey is almost dead.
You hit the howler monkey.
You kill the howler monkey!
The Council accepts your kill. The howler monkey hits you.
* * * LOW HITPOINT WARNING * * *
The howler monkey hits you but does no damage.
You block the howler monkey's attack.
An electric eel comes into view.
The howler monkey hoots and howls with incredible vigour!
You barely miss the howler monkey.
The howler monkey is almost dead.
The howler monkey hits you but does no damage.
The electric eel shoots out a bolt of lightning at you!
The bolt of electricity hits you.
* * * LOW HITPOINT WARNING * * *
The bolt of electricity hits you but does no damage.
You closely miss the howler monkey.
The howler monkey is almost dead.
You block the howler monkey's attack.
Something hits the plant.
The plant begins to die.
Something freezes the plant.
The electric eel shoots out a bolt of lightning at you!
The bolt of electricity hits you!
* * * LOW HITPOINT WARNING * * *
The bolt of electricity hits you!
* * * LOW HITPOINT WARNING * * *
The howler monkey hits you but does no damage.
It was a potion of enlightenment.
You feel very buoyant.
You fly up into the air.
The electric eel shoots out a bolt of lightning at you!
The bolt of electricity hits you.
You die...

.... ....
..... P ♣
..... ♣♣ P~ ♣
......
##.♣P~~ ♣
......##...S♣
♣♣
..........#♣
♣. #....♣ ♣♣
#@##.# #h#
#.h# #.## #.
#. ♣. ♣. ♣.


You could see 2 howler monkeys and an electric eel.

Vanquished Creatures
  Pikel (D:5)
  Joseph (D:7)
  Grinder (D:4)
  Menkaure (Ossuary)
  A steam dragon (D:7)
  Edmund (D:5)
  A water moccasin (D:6)
  2 black bears
  A sky beast (D:6)
  4 ogres
  4 phantoms
  A lemure (D:5)
  A bullfrog (D:7)
  A scorpion (D:5)
  A howler monkey (D:8)
  A jelly (D:5)
  2 hounds (D:6)
  2 orc priests (D:3)
  4 iguanas
  2 sleepcaps
  Terence (D:3)
  2 orc wizards
  3 mummies (Ossuary)
  Robin (D:2)
  11 gnolls (D:6)
  6 adders
  A shadow imp (D:6)
  3 white imps (D:6)
  2 ufetubi (D:6)
  3 dart slugs
  2 ribbon worms
  18 orcs
  9 endoplasms
  5 giant cockroaches
  3 gnoll zombies (Ossuary)
  6 hobgoblins
  4 jackals (D:5)
  9 kobolds
  4 quokkas
  9 ball pythons
  3 bats
  6 frilled lizards
  2 gnoll skeletons (Ossuary)
  13 goblins
  2 goblin skeletons (Ossuary)
  5 goblin zombies (Ossuary)
  2 hobgoblin skeletons (Ossuary)
  6 hobgoblin zombies (Ossuary)
  5 kobold skeletons (Ossuary)
  A kobold zombie (Ossuary)
  8 orc skeletons (Ossuary)
  5 orc zombies (Ossuary)
  5 rats
  6 rat skeletons (Ossuary)
  5 rat zombies (Ossuary)
209 creatures vanquished.

Notes
Turn   | Place    | Note
-------+----------+-------------------------------------------
     0 | D:1      | discipleofbeogh the Demonspawn Fighter began the quest for
                  | the Orb.
     0 | D:1      | Reached XP level 1. HP: 18/18 MP: 1/1
   100 | D:1      | Upgraded the game from 0.32-a0-834-geaf45d8e21 to
                  | 0.32-a0-893-gf85d74f360
   161 | D:1      | Gained mutation: You regenerate magic rapidly. [demonic
                  | ancestry]
   161 | D:1      | Reached XP level 2. HP: 13/24 MP: 2/2
   336 | D:1      | Reached skill level 2 in Axes
   646 | D:2      | Reached XP level 3. HP: 29/29 MP: 3/3
   918 | D:2      | Identified the +0 helmet of the Meadowlark {Str+2 Stlth+}
   918 | D:2      | Noticed Robin
   928 | D:2      | Killed Robin
  1118 | D:2      | Gained mutation: You are partially covered in molten
                  | scales. (AC +2) [demonic ancestry]
  1118 | D:2      | Reached XP level 4. HP: 35/36 MP: 4/4
  1169 | D:2      | Identified the ring "Qeiha" {rF+ Dex+3}
  1472 | D:2      | Reached skill level 3 in Axes
  1743 | D:3      | Gained mutation: You have a small tail. [demonic ancestry]
  1743 | D:3      | Reached XP level 5. HP: 41/42 MP: 5/5
  2097 | D:3      | Noticed Terence
  2103 | D:3      | Killed Terence
  2543 | D:4      | Found an ancient bone altar of Kikubaaqudgha.
  2750 | D:4      | Gained mutation: You may rarely emit foul miasma when
                  | damaged in melee. [demonic ancestry]
  2750 | D:4      | Reached XP level 6. HP: 49/49 MP: 6/6
  2887 | D:4      | Reached skill level 4 in Axes
  2888 | D:4      | Noticed Grinder
  2900 | D:4      | Paralysed by Grinder for 2 turns
  2907 | D:4      | Killed Grinder
  2908 | D:4      | Reached skill level 1 in Dodging
  2908 | D:4      | Reached XP level 7. HP: 28/55 MP: 7/7
  3120 | D:5      | Entered Level 5 of the Dungeon
  3251 | D:5      | Reached skill level 5 in Axes
  3455 | D:5      | Found an iron altar of Okawaru.
  3460 | D:5      | Found a bloodstained altar of Trog.
  3507 | D:5      | Noticed Edmund
  3522 | D:5      | Killed Edmund
  3523 | D:5      | Reached skill level 5 in Fighting
  3526 | D:5      | Noticed Pikel
  3536 | D:5      | Killed Pikel
  3537 | D:5      | Reached skill level 6 in Axes
  3537 | D:5      | Reached skill level 1 in Stealth
  3537 | D:5      | Gained mutation: You have a tail ending in a sharp stinger.
                  | [demonic ancestry]
  3537 | D:5      | Reached XP level 8. HP: 33/63 MP: 8/8
  3787 | D:5      | Found a staircase to the Ecumenical Temple.
  3795 | Temple   | Entered the Ecumenical Temple
  3848 | Temple   | Became a worshipper of the Wu Jian Council
  4003 | D:5      | Reached skill level 7 in Axes
  4462 | D:6      | Reached * piety under Wu Jian
  4463 | D:6      | Gained mutation: When hurt, damage is shared between your
                  | health and your magic reserves. [demonic ancestry]
  4463 | D:6      | Reached XP level 9. HP: 64/69 MP: 9/9
  4499 | D:6      | Found a sand-covered staircase.
  4513 | Ossuary  | Entered an ossuary
  4586 | Ossuary  | Reached skill level 5 in Armour
  4675 | Ossuary  | Reached ** piety under Wu Jian
  4757 | Ossuary  | Noticed Menkaure
  4767 | Ossuary  | Killed Menkaure
  4768 | Ossuary  | Reached skill level 8 in Axes
  5656 | D:7      | Noticed Joseph
  5675 | D:7      | Killed Joseph
  5676 | D:7      | Reached skill level 9 in Axes
  6308 | D:8      | Killed from afar by an electric eel

Illustrated notes

Levels and vault maps discovered:
D:1:      dpeg_arrival_tiny_c, layout_rooms
D:2:      layout_loops_corners, uniq_robin
D:3:      layout_basic, serial_forest, infiniplex_forest_clump_double,
          infiniplex_forest_clump_curved, infiniplex_forest_clump_small,
          infiniplex_forest_lined_2, infiniplex_forest_corner_1,
          infiniplex_forest_lined_room_3, uniq_terence
D:4:      layout_basic, amcnicky_altar_gilded, uniq_grinder
D:5:      layout_loops_ring, general_overflow_altar,
          nicolae_overflow_hidden_temple, temple_statues, kennysheep_donut,
          uniq_pikel, uniq_ijyb, uniq_edmund
D:6:      layout_basic, lightli_ossuary_entry_decrepit_ruins
D:7:      layout_basic, uniq_joseph
D:8:      layout_rooms, serial_bayou, serial_bayou_lake_a,
          serial_bayou_crossing, serial_bayou_shore_a, serial_bayou_ford_a,
          gammafunk_ghost_hive, nicolae_tricolors
Temple:   lightli_temple_of_artemis

Skill      XL: |  1  2  3  4  5  6  7  8  9 |
---------------+----------------------------+-----
Axes           | 2 3 4 6 7 9 |  9.0
Shields        | 3 4 |  4.3
Armour         | 3 4 5 |  5.6
Fighting       | 4 5 6 |  6.8
Dodging        | 1 2 |  2.1
Stealth        | 1 |  1.9
Evocations     | |  0.4

Action                     |  1- 3 |  4- 6 |  7- 9 || total
---------------------------+-------+-------+-------++-------
  Melee: War axe           |   120 |   198 |   362 ||   680
         Tailslap          |       |    31 |    57 ||    88
Ability: Lunge             |       |       |    31 ||    31
         Whirlwind         |       |       |     6 ||     6
  Evoke: Wand              |       |       |     4 ||     4
    Use: Scroll            |     1 |     2 |    12 ||    15
         Potion            |       |       |     6 ||     6
   Stab: Paralysed         |       |       |     4 ||     4
 Armour: Scale mail        |    20 |       |       ||    20
         Chain mail        |   121 |   118 |   310 ||   549
  Dodge: Dodged            |    40 |    37 |   114 ||   191
  Block: Buckler           |    30 |    22 |    88 ||   140

Table legend: (Time is in decaauts)
 A = Elapsed time spent in this place.
 B = Non-inter-level travel time spent in this place.
 C = Inter-level travel time spent in this place.
 D = Time resting spent in this place.
 E = Time spent auto-exploring this place.
 F = Levels seen in this place.
 G = Mean time per level.
                   A        B        C        D        E       F      G
               +--------+--------+--------+--------+--------+-----+--------+
         Total |   6494 |   6152 |    342 |    156 |   3499 |  10 |  649.4 |
       Dungeon |   6096 |   5754 |    342 |    156 |   3499 |   8 |  762.0 |
        Temple |     64 |     64 |      0 |      0 |      0 |   1 |   64.0 |
       Ossuary |    333 |    333 |      0 |      0 |      0 |   1 |  333.0 |
               +--------+--------+--------+--------+--------+-----+--------+

Top non-repeatable levels by time:
     D:2: 1054 daAuts
     D:3: 964 daAuts
     D:6: 938 daAuts
     D:5: 937 daAuts
     D:7: 792 daAuts
     D:4: 655 daAuts
     D:1: 567 daAuts
 Ossuary: 333 daAuts
     D:8: 185 daAuts
  Temple: 64 daAuts
